 Dungeon Crawl Stone Soup version 0.26.1-11-gd32895ea62 (webtiles) character file.

Game seed: 5898405101262970892

3497 Inarius the Cleaver (level 10, -7/83 HPs)
             Began as a Hill Orc Fighter on June 23, 2021.
             Was a Believer of Ru.
             Mangled by an orc knight
             ... wielding a +0 halberd
              (12 damage)
             ... in a bailey.
             The game lasted 00:15:03 (9553 turns).

Inarius the Cleaver (Hill Orc Fighter)              Turns: 9553, Time: 00:15:04

Health: -7/83      AC: 18    Str: 26    XL:     10   Next: 7%
Magic:  10/10      EV:  6    Int:  8    God:    Ru [**....]
Gold:   374        SH:  0    Dex: 10    Spells: 9/9 levels left

rFire    . . .     SeeInvis .   D - +3 broad axe (venom)
rCold    . . .     Faith    .   c - +0 kite shield
rNeg     . . .     Spirit   .   y - +6 chain mail of the Bells {Str+3}
rPois    .         Reflect  .   (no helmet)
rElec    .         Harm     .   C - +0 cloak
rCorr    .         Rampage  .   (no gloves)
Will     .....                  n - +0 pair of boots
Stlth    ..........             (no amulet)
HPRegen  0.23/turn              (no ring)
MPRegen  0.12/turn              (no ring)

@: confused
A: hated by all, missing an eye
a: Renounce Religion


You were in a bailey.
You worshipped Ru.
Ru was pleased with you.
You visited 1 branch of the dungeon, and saw 7 of its levels.
You also visited: Sewer and Bailey.

You collected 374 gold pieces.

Inventory:

Hand Weapons
 D - a +3 broad axe of venom (weapon)
Armour
 c - a +0 kite shield (worn)
 n - a +0 pair of boots (worn)
 y - the +6 chain mail of the Bells (worn) {Str+3}
   (You found it on level 5 of the Dungeon)

   It affects your strength (+3).
 C - a +0 cloak (worn)
 E - +0 swamp dragon scales
Jewellery
 v - an uncursed ring of fire
Wands
 t - a wand of random effects (16)
 w - a wand of polymorph (5)
 x - a wand of acid (1)
Scrolls
 e - 2 scrolls of blinking {unknown}
 h - 2 scrolls of teleportation
 o - 2 scrolls of remove curse {unknown}
 p - 2 scrolls of immolation {unknown}
 q - 2 scrolls of fog {unknown}
 s - 5 scrolls of amnesia
 A - a scroll of identify
 B - a scroll of enchant armour {unknown}
Potions
 d - 2 potions of might
 g - 2 potions of attraction {unknown}
 i - 4 potions of curing {unknown}
 j - a potion of flight {unknown}
 k - 2 potions of cancellation
 m - a potion of brilliance {unknown}
 r - 2 potions of heal wounds {unknown}
 u - 2 potions of mutation {unknown}
 z - 4 potions of haste {unknown}


   Skills:
 + Level 6.2 Fighting
 * Level 13.2 Axes
 + Level 6.5 Armour
 + Level 1.1 Stealth
 + Level 6.6 Shields
 + Level 0.2 Unarmed Combat
 * Level 3.4 Evocations


You had 9 spell levels left.
You didn't know any spells.
Your spell library contained the following spells:

 Spells                   Type           Power        Failure   Level
 Shock                    Conj/Air       0%           100%        1
 Swiftness                Air            0%           100%        2
 Static Discharge         Conj/Air       0%           100%        3
 Airstrike                Air            0%           100%        4
 Lightning Bolt           Conj/Air       0%           100%        5


Dungeon Overview and Level Annotations

Branches:
Dungeon (7/15)             Temple (0/1) D:4           Sewer (visited)
 Bailey (1/1)

Altars:
Dithmenos
Elyvilon
Gozag
Kikubaaqudgha
Qazlal
Ru
Sif Muna
Trog
Xom
Yredelemnul
The Shining One

Shops:
D:4 =   D:6 }


Innate Abilities, Weirdness & Mutations

You are hated by all.
You are missing an eye, making it more difficult to aim.


Message History

The orc knight hits you from afar with a +0 halberd!
* * * LOW HITPOINT WARNING * * *
Unknown command.
Aiming: Corrosive Bolt
Press: ? - help, Shift-Dir - straight line, f/p - orc knight
Aim: an orc knight, wielding a +0 halberd and wearing a +0 ring mail (severely wounded, covered in acid, 57% to evade)
The bolt of acid hits the orc knight!
The orc knight is splashed with acid.
The orc knight is almost dead.
The orc warrior no longer looks unusually strong.
The orc completely misses you.
The orc warrior shoots a bolt.
You block the bolt.
Unknown command.
Unknown command.
You are confused.
You feel invigorated.
The orc knight hits you from afar with a +0 halberd!
* * * LOW HITPOINT WARNING * * *
The orc hits you but does no damage.
The orc knight hits you with a +0 halberd!
You die... ### ##∩## #.(@# #ooo#

≈.......≈
oc≈.......≈oo
≈o≈≈.......≈≈o≈
≈≈≈..#...#..≈≈≈
....##...##....
#### ##∩## ####


You could see an orc knight (corroded), 2 orc warriors, a centaur and 2 orcs.

Vanquished Creatures
  Maggie (D:7)
  A sky beast (D:5)
  4 ogres
  2 orc warriors
  2 ice beasts
  A phantom (D:5)
  5 centaurs
  6 big kobolds (Sewer)
  2 bullfrogs
  A scorpion (D:5)
  A jelly (D:5)
  5 hounds
  A quasit (D:6)
  Crazy Yiuf (D:6)
  A bullfrog skeleton (D:4)
  A gnoll shaman (D:4)
  An orc priest (D:4)
  A centaur skeleton (D:5)
  10 orc wizards
  5 worker ants
  2 worker ant zombies (D:5)
  12 gnolls
  14 adders
  A river rat (Sewer)
  A shadow imp (D:5)
  4 white imps
  4 oozes
  An adder skeleton (D:7)
  10 worms
  2 dart slugs
  4 leopard geckos
  14 orcs
  6 ball pythons
  9 bats
  9 giant cockroaches
  11 goblins
  7 hobgoblins
  5 jackals (D:1)
  3 quokkas
  5 frilled lizards
  12 kobolds
  A quokka skeleton (D:5)
  A quokka zombie (D:5)
  12 rats
202 creatures vanquished.

Vanquished Creatures (others)
  Menkaure (D:4)
1 creature vanquished.

Grand Total: 203 creatures vanquished

Notes
Turn   | Place    | Note
-------+----------+-------------------------------------------
     0 | D:1      | Inarius the Hill Orc Fighter began the quest for the Orb.
     0 | D:1      | Reached XP level 1. HP: 19/19 MP: 1/1
   256 | D:1      | Reached skill level 3 in Axes
   256 | D:1      | Reached XP level 2. HP: 21/27 MP: 2/2
   948 | D:1      | Reached XP level 3. HP: 33/33 MP: 3/3
  1754 | D:2      | Reached skill level 4 in Axes
  1851 | D:2      | Reached XP level 4. HP: 40/40 MP: 4/4
  1896 | D:2      | Found a shadowy altar of Dithmenos.
  1897 | D:2      | Found a sacrificial altar of Ru.
  1918 | D:2      | Found an ancient bone altar of Kikubaaqudgha.
  1918 | D:2      | Found a shimmering blue altar of Sif Muna.
  1926 | D:2      | Became a worshipper of Ru the Awakened
  2167 | D:2      | Reached skill level 5 in Axes
  2243 | D:2      | Reached XP level 5. HP: 46/46 MP: 5/5
  2278 | D:2      | Found a stormy altar of Qazlal.
  2762 | D:3      | Noticed a moth of wrath
  3503 | D:3      | Found a bloodstained altar of Trog.
  3695 | D:4      | Gained mutation: You are hated by all. [Ru sacrifice]
  3695 | D:4      | Reached * piety under Ru
  3722 | D:4      | Reached skill level 6 in Axes
  3722 | D:4      | Reached XP level 6. HP: 48/52 MP: 6/6
  3778 | D:4      | Found a staircase to the Ecumenical Temple.
  3833 | D:4      | Found an opulent altar of Gozag.
  3856 | D:4      | Noticed Menkaure
  4305 | D:4      | Found a glowing golden altar of the Shining One.
  4497 | D:4      | Killed Menkaure
  4550 | D:4      | Reached skill level 7 in Axes
  4841 | D:4      | Reached XP level 7. HP: 60/60 MP: 7/7
  4886 | D:4      | Found Kiash's Jewellery Shop.
  5011 | D:5      | Entered Level 5 of the Dungeon
  5163 | D:4      | Reached skill level 5 in Shields
  5265 | D:5      | Reached skill level 8 in Axes
  5265 | D:5      | Reached skill level 5 in Armour
  5406 | D:5      | Reached XP level 8. HP: 65/67 MP: 8/8
  5457 | D:5      | Reached skill level 9 in Axes
  5729 | D:5      | Reached skill level 1 in Evocations
  6027 | D:5      | Reached skill level 5 in Fighting
  6499 | D:5      | Reached skill level 10 in Axes
  6996 | D:5      | Got a faintly humming chain mail
  6997 | D:5      | Identified the +6 chain mail of the Bells {Str+3} (You
                  | found it on level 5 of the Dungeon)
  7157 | D:6      | Found Exzaseof's Gadget Shoppe.
  7205 | D:6      | Reached skill level 11 in Axes
  7205 | D:6      | Reached XP level 9. HP: 46/74 MP: 9/9
  7218 | D:6      | Found a glowing drain.
  7243 | Sewer    | Entered a sewer
  7722 | Sewer    | Gained mutation: You are missing an eye, making it more
                  | difficult to aim. [Ru sacrifice]
  7722 | Sewer    | Reached ** piety under Ru
  8267 | D:6      | Reached skill level 12 in Axes
  8504 | D:6      | Found a shimmering altar of Xom.
  8509 | D:6      | Found a shimmering altar of Xom.
  8509 | D:6      | Found a shimmering altar of Xom.
  8528 | D:6      | Found a shimmering altar of Xom.
  8592 | D:6      | Found a runed translucent door.
  8593 | D:6      | Noticed Crazy Yiuf
  8746 | D:6      | Found a white marble altar of Elyvilon.
  8798 | D:6      | Found a basalt altar of Yredelemnul.
  8899 | D:6      | Killed Crazy Yiuf
  9087 | D:7      | Noticed Maggie
  9092 | D:7      | Killed Maggie
  9350 | D:7      | Reached skill level 1 in Stealth
  9350 | D:7      | Reached XP level 10. HP: 67/83 MP: 10/10
  9488 | D:7      | Reached skill level 13 in Axes
  9488 | D:7      | Found a flagged portal.
  9532 | Bailey   | Entered a bailey
  9532 | Bailey   | Noticed an orc knight
  9552 | Bailey   | HP: 2/83 [orc knight/+0 halberd (11)]
  9553 | Bailey   | Mangled by an orc knight

Illustrated notes

Levels and vault maps discovered:
D:1:      minmay_arrival_solitary_statue, layout_basic, lemuel_old_faithful
D:2:      minmay_door_path, layout_loops_ring, grunt_temple_overflow_open,
          nicolae_qazlal_eye_of_the_storm
D:3:      layout_basic, tgw_trog, minivault_23
D:4:      layout_rooms, general_overflow_altar, grunt_gozag_breadcrumbs,
          minmay_temple_entry_overgrown, serial_shops, nicolae_shop_crystal,
          kennysheep_generic_room_16, uniq_menkaure
D:5:      cheibrodos_barr_body, layout_cave_pools, grunt_decor_fettered,
          minivault_23
D:6:      layout_cave_pools, kennysheep_ying_yang, cheibrodos_sewer_entry_drain,
          serial_shops, shop_statue, xom_redecorated, uniq_crazy_yiuf_cottage
D:7:      layout_rooms, enter_bailey_5, chequers_arboretum, serial_bayou_pond_c,
          minmay_manual_maat, uniq_maggie
Bailey:   bailey_polearm_4, bailey

Skill      XL: |  1  2  3  4  5  6  7  8  9 10 |
---------------+-------------------------------+-----
Axes           | 3 4 5 6 7 8 11 12 13 | 13.2
Fighting       | 4 5 6 |  6.2
Armour         | 4 5 6 |  6.5
Shields        | 4 5 6 |  6.6
Evocations     | 1 3 |  3.4
Stealth        | 1 |  1.1
Unarmed Combat | |  0.2

Action                   |  1- 3 |  4- 6 |  7- 9 | 10-12 || total
-------------------------+-------+-------+-------+-------++-------
Melee: War axe           |    95 |   195 |   422 |     3 ||   715
       Unarmed           |       |     4 |       |       ||     4
       Broad axe         |       |       |       |    36 ||    36
Invok: Sacrifice Love    |       |     1 |       |       ||     1
       Sacrifice an Eye  |       |       |     1 |       ||     1
Evoke: Wand              |       |       |    18 |     5 ||    23
  Use: Scroll            |       |     3 |     5 |     1 ||     9
       Potion            |       |       |       |     1 ||     1
 Stab: Paralysed         |       |       |     2 |       ||     2
Armor: Scale mail        |    54 |    56 |    43 |       ||   153
       Skin              |       |     2 |       |       ||     2
       Chain mail        |       |       |    94 |    24 ||   118
Dodge: Dodged            |    27 |    49 |    87 |    13 ||   176
Block: Kite shield       |    51 |    89 |   180 |    42 ||   362
